[Event "Team 45 45 League T63"]
[Site "Internet Chess Club"]
[Date "2014.12.14"]
[Round "3"]
[White "room-matt"]
[Black "RobertStephen"]
[Result "0-1"]
[WhiteElo "1883"]
[BlackElo "2017"]
[Opening "Caro-Kann: Goldman (Spielmann) variation"]
[ECO "B11"]
[Time "15:05:35"]
[TimeControl "2700+45"]

1. e4 c6 2. Nc3 d5 3. Qf3 dxe4 4. Nxe4 Nd7 5. d4 Ngf6 6. Bc4 Nb6 7. Bd3 Qxd4 8.
Ne2 Qe5 9. c3 Nbd5 10. h3 Nxe4 11. Bxe4 e6 12. Bd2 Bc5 13. O-O-O O-O 14. Rhe1
Qc7 15. Nf4 Rd8 16. Nd3 Bd6 17. Qe2 b5 18. g4 b4 19. Nxb4 Nxb4 20. cxb4 Bb7 21.
Bc3 h6 22. h4 Be7 23. Be5 Qb6 24. g5 Bxb4 25. Rg1 Rxd1+ 26. Rxd1 Ba6 27. Bd3
Bxd3 28. Rxd3 hxg5 29. hxg5 Rd8 30. Rxd8+ Qxd8 31. f4 Qb6 32. Qc4 a6 33. a3 Qc5
34. Qxc5 Bxc5 35. Kc2 Bf8 36. Kb3 Be7 37. Ka4 Bd8 38. b4 Kh7 39. Kb3 Kg6 40. Kc4
Be7 41. Kd3 f6 42. gxf6 gxf6 43. Bc7 Kf5 44. Kd4 Bf8 45. Bb8 Bh6 46. Ke3 e5 47.
Kf3 Bxf4 48. Ba7 Bc1 49. a4 Ba3 50. Bc5 a5 {White resigns} 0-1

[Event "Team 45 45 League T63"]
[Site "Internet Chess Club"]
[Date "2014.12.13"]
[Round "3"]
[White "spand42"]
[Black "Goli"]
[Result "1-0"]
[WhiteElo "1910"]
[BlackElo "1875"]
[Opening "Benkö gambit: 7.e4"]
[ECO "A59"]
[Time "16:27:30"]
[TimeControl "2700+45"]

1. d4 Nf6 2. c4 c5 3. d5 b5 4. cxb5 a6 5. bxa6 Bxa6 6. Nc3 d6 7. e4 Bxf1 8. Kxf1
g6 9. Nf3 Bg7 10. h3 O-O 11. Kg1 Nbd7 12. Kh2 Qa5 13. Re1 Rfb8 14. Re2 Qc7 15.
Rc2 e6 16. dxe6 fxe6 17. Bf4 Rb6 18. Rb1 Nh5 19. Qd2 Rf8 20. Nb5 Qc6 21. Bxd6
Rf7 22. a4 Qxe4 23. b4 cxb4 24. Ng5 Be5+ 25. Kg1 Qf4 26. Bxe5 Qxf2+ 27. Qxf2
Rxf2 28. Rxf2 Nxe5 29. Re2 Nd3 30. Rxe6 Rb7 31. Rd6 Nc5 32. Nd4 Nxa4 33. Nde6
Rb8 34. Rxb4 {Black resigns} 1-0

[Event "Team 45 45 League T63"]
[Site "Internet Chess Club"]
[Date "2014.12.14"]
[Round "3"]
[White "zap2"]
[Black "clarinetref"]
[Result "0-1"]
[WhiteElo "1723"]
[BlackElo "1630"]
[Opening "Benko's opening"]
[ECO "A00"]
[Time "11:15:55"]
[TimeControl "2700+45"]

1. g3 g6 2. Bg2 Bg7 3. Nf3 Nf6 4. O-O O-O 5. d3 d6 6. Nbd2 e5 7. e4 Nc6 8. c3
Bd7 9. Qe2 Qc8 10. Re1 Bh3 11. Bh1 Re8 12. Nf1 h6 13. Ne3 Qd7 14. Nh4 Ne7 15. f4
exf4 16. gxf4 Ng4 17. Bf3 Nxe3 18. Bxe3 f5 19. Kh1 Bf6 20. Bf2 fxe4 21. dxe4 g5
22. Rg1 Kh7 23. e5 dxe5 24. fxe5 Nf5 25. Rad1 Qe6 26. exf6 Qxe2 27. Bxe2 Nxh4
28. Bh5 Ng6 29. Rd7+ Bxd7 30. h4 Bc6+ 31. Kh2 Rad8 32. hxg5 Rd2 33. Kg3 Re5 34.
Bxg6+ Kxg6 35. gxh6 Rg5+ 36. Kh4 Rxg1 37. Bxg1 Bd5 38. Bxa7 Rxb2 39. a4 Rh2+ 40.
Kg4 Rxh6 41. Bb8 c6 42. Be5 Rh1 43. a5 Rg1+ 44. Kf4 Rf1+ 45. Kg4 Be6+ 46. Kg3
Rf5 47. Bd4 Rxa5 48. Kf4 Rf5+ 49. Ke4 Bd5+ 50. Ke3 Bc4 51. Ke4 c5 52. Be5 Bd3+
53. Kd5 c4 54. Ke6 Rf1 55. Bd4 Bf5+ 56. Kd5 Bd3 57. Kc5 Rf5+ 58. Kd6 Kf7 59. Be5
b5 60. Bd4 Be4 61. Be5 Rxe5 62. Kxe5 b4 63. cxb4 c3 64. Kxe4 c2 65. Ke5 c1=Q 66.
b5 Qc5+ 67. Ke4 Qxb5 68. Kf4 Kxf6 69. Kg4 Qe5 70. Kh3 Qe4 71. Kg3 Kg5 72. Kh3
Qf3+ 73. Kh2 Kf4 74. Kg1 Qe3+ 75. Kg2 Qf3+ 76. Kh2 Kg4 77. Kg1 Qe2 78. Kh1 Kh3
79. Kg1 Qg2# {White checkmated} 0-1

[Event "Team 45 45 League T63"]
[Site "Internet Chess Club"]
[Date "2014.12.14"]
[Round "3"]
[White "drsigmund1"]
[Black "Duguesclin"]
[Result "0-1"]
[WhiteElo "1485"]
[BlackElo "1644"]
[Opening "Queen's pawn: London system"]
[ECO "A45"]
[Time "08:15:33"]
[TimeControl "2700+45"]

1. d4 Nf6 2. Bf4 e6 3. Nc3 a6 4. e4 d5 5. e5 Nfd7 6. Bd3 Bb4 7. Qg4 g6 8. Bh6 f5
9. Qg3 Qe7 10. Ne2 c5 11. a3 Bxc3+ 12. Nxc3 cxd4 13. Ne2 Nc6 14. f4 Nc5 15. Bg5
Qc7 16. Bf6 Rf8 17. h4 Nd7 18. Bg5 h5 19. c4 dxc3 20. bxc3 b5 21. Qe3 Na5 22.
Nd4 {White resigns} 0-1

[Event "Team 45 45 League T63"]
[Site "Internet Chess Club"]
[Date "2014.12.13"]
[Round "3"]
[White "alexine"]
[Black "unclevinny"]
[Result "1-0"]
[WhiteElo "1526"]
[BlackElo "1623"]
[Opening "Hungarian defense"]
[ECO "C50"]
[Time "14:09:00"]
[TimeControl "2700+45"]

1. e4 e5 2. Nf3 Nc6 3. Bc4 Be7 4. c3 d6 5. h3 Nf6 6. d3 O-O 7. O-O Na5 8. Nbd2
Nxc4 9. Nxc4 Bd7 10. a4 c5 11. Ne3 Bc6 12. c4 b6 13. Bd2 Qd7 14. b4 h6 15. b5
Bb7 16. a5 Bd8 17. a6 Bc8 18. Nh2 Qe7 19. f4 exf4 20. Rxf4 Qe5 21. Nc2 g5 22.
Rf2 Nh7 23. Qh5 Qg7 24. Raf1 Be6 25. Ne3 Nf6 26. Qe2 Nd7 27. Nf5 Bxf5 28. Rxf5
Be7 29. Ng4 Rae8 30. Ne3 Bd8 31. Nd5 Re5 32. Bc3 Rxf5 33. Bxg7 Rxf1+ 34. Qxf1
Kxg7 35. Ne3 Bc7 36. Nf5+ Kh7 37. Nxd6 Bxd6 38. Qf5+ Kg7 39. Qxd7 Bb8 40. e5 Kg8
41. Kf2 {Black resigns} 1-0

[Event "Team 45 45 League T63"]
[Site "Internet Chess Club"]
[Date "2014.12.16"]
[Round "3"]
[White "Visin"]
[Black "g8wrb"]
[Result "1-0"]
[WhiteElo "1307"]
[BlackElo "1294"]
[Opening "Van't Kruijs opening"]
[ECO "A00"]
[Time "15:00:51"]
[TimeControl "2700+45"]

1. e3 e5 2. b3 Nf6 3. Bb2 Nc6 4. Nf3 e4 5. Nd4 Bc5 6. c3 O-O 7. Be2 d5 8. O-O
Nxd4 9. cxd4 Bd6 10. Nc3 Re8 11. f4 c5 12. dxc5 Bxc5 13. Na4 Bb4 14. Bc3 Qd6 15.
Rc1 Bd7 16. Nb2 Rac8 17. Bd4 a6 18. Rc2 Rxc2 19. Qxc2 Rc8 20. Qd1 Ba3 21. Qb1
Ng4 22. Bxg4 Bxg4 23. d3 Be2 24. Re1 Bxd3 25. Nxd3 exd3 26. Qxd3 Qb4 27. Rd1 Qe7
28. Qf5 Qe6 29. Qxe6 fxe6 30. Rd2 Kf7 31. g4 Rc1+ 32. Kg2 Bb4 33. Re2 g6 34. h3
Bc3 35. Bxc3 Rxc3 36. h4 h6 37. Kf3 d4 38. Ke4 dxe3 39. Rxe3 Rxe3+ 40. Kxe3 Kf6
41. Kd4 h5 42. gxh5 gxh5 43. Ke4 b6 44. a3 a5 45. a4 Ke7 46. Ke5 Kf7 47. f5 exf5
48. Kxf5 Ke7 49. Kg5 Ke6 50. Kxh5 Kf5 51. Kh6 Kf6 52. Kh5 Kf5 53. Kh6 Kf6 54. h5
Kf7 55. Kg5 Kg7 56. Kf5 Kh6 57. Ke5 Kxh5 58. Kd5 Kg6 59. Kc6 Kf6 60. Kxb6 Ke6
61. Kxa5 Kd6 62. Kb6 {Black resigns} 1-0

[Event "Team 45 45 League T63"]
[Site "Internet Chess Club"]
[Date "2014.12.11"]
[Round "3"]
[White "nosir"]
[Black "MateIn42"]
[Result "1-0"]
[WhiteElo "1471"]
[BlackElo "1334"]
[Opening "Réti: old Indian attack"]
[ECO "A06"]
[Time "20:31:51"]
[TimeControl "2700+45"]

1. Nf3 d5 2. d3 Nf6 3. g3 e6 4. Bg2 Bd6 5. O-O O-O 6. Nbd2 Nc6 7. Re1 b6 8. e4
dxe4 9. dxe4 e5 10. c3 Bb7 11. Nc4 Ne8 12. Nxd6 Qxd6 13. Qe2 Rd8 14. Be3 Nf6 15.
Nh4 Qe6 16. f4 exf4 17. Bxf4 Ne5 18. Rad1 Nh5 19. Qxh5 Ng4 20. Bh3 g6 21. Qxg4
Rxd1 22. Rxd1 Qxe4 23. Bh6 Qe3+ 24. Bxe3 {Black resigns} 1-0

[Event "Team 45 45 League T63"]
[Site "Internet Chess Club"]
[Date "2014.12.12"]
[Round "3"]
[White "varavind"]
[Black "SeniorCitizen"]
[Result "0-1"]
[WhiteElo "1242"]
[BlackElo "1395"]
[Opening "Scandinavian (center counter) defense"]
[ECO "B01"]
[Time "13:00:41"]
[TimeControl "2700+45"]

1. e4 d5 2. exd5 Qxd5 3. Nc3 Qa5 4. Nf3 Nc6 5. d4 Nf6 6. Bd2 Qb6 7. Bb5 a6 8.
Ba4 Bd7 9. O-O Nxd4 10. Bxd7+ Nxd7 11. Nd5 Nxf3+ 12. Qxf3 Qc6 13. c3 Nf6 14.
Nxf6+ gxf6 15. Qxc6+ bxc6 16. Bf4 e5 17. Rfe1 Bd6 18. Rad1 Rb8 19. b4 c5 20. Bd2
cxb4 21. cxb4 Ke7 22. f4 Rb5 23. a4 Rd5 24. fxe5 fxe5 25. Bg5+ Ke6 26. Rxd5 Kxd5
27. Rd1+ Ke6 28. Rb1 Rg8 29. Be3 Rg4 30. Bc5 Bxc5+ 31. bxc5 Rxa4 32. Rb7 Kd7 33.
Kf2 Kc6 34. Ra7 Kd7 35. Ke3 f5 36. g3 h5 37. Kd3 f4 38. gxf4 exf4 39. Ke2 Ra3
40. Kf2 a5 41. Ra8 Kc6 42. Rf8 Ra4 43. Kf3 Rc4 44. Rxf4 Rxf4+ 45. Kxf4 a4 {White
resigns} 0-1

[Event "Team 45 45 League T63"]
[Site "Internet Chess Club"]
[Date "2014.12.14"]
[Round "3"]
[White "divy7"]
[Black "mongmong"]
[Result "1-0"]
[WhiteElo "1599"]
[BlackElo "1600"]
[Opening "French: exchange variation"]
[ECO "C01"]
[Time "07:10:15"]
[TimeControl "2700+45"]

1. e4 e6 2. d4 d5 3. exd5 exd5 4. Nc3 c6 5. Bd3 Bd6 6. Nf3 Bg4 7. O-O Ne7 8. h3
Bh5 9. Re1 O-O 10. Bxh7+ Kxh7 11. Ng5+ Kg6 12. g4 Bxg4 13. Qxg4 Qd7 14. Ne6+
{Black resigns} 1-0

[Event "Team 45 45 League T63"]
[Site "Internet Chess Club"]
[Date "2014.12.12"]
[Round "3"]
[White "julesraider"]
[Black "Bizzy-Ketty"]
[Result "1-0"]
[WhiteElo "1545"]
[BlackElo "1571"]
[Opening "Nimzo-Indian: classical variation"]
[ECO "E32"]
[Time "20:01:04"]
[TimeControl "2700+45"]

1. d4 Nf6 2. c4 e6 3. Nc3 Bb4 4. Qc2 O-O 5. a3 Bxc3+ 6. Qxc3 d6 7. Bg5 Nbd7 8.
Qc2 b6 9. Nf3 Bb7 10. g3 c5 11. dxc5 bxc5 12. Bg2 h6 13. Bf4 e5 14. Bc1 Re8 15.
O-O Qc7 16. b3 Rab8 17. Rb1 Be4 18. Qb2 Bxb1 19. Qxb1 d5 20. cxd5 Nxd5 21. Qc2
Rec8 22. Rd1 N5f6 23. Bh3 Rd8 24. Nd2 Qb7 25. Bg2 Qb5 26. e3 Rbc8 27. Bf1 Qb7
28. Nc4 Qc7 29. Nd6 Rb8 30. Bc4 Rf8 31. Bb2 Rb6 32. Nb5 Qb7 33. Qf5 e4 34. Nd6
Qc6 35. Qg6 Qc7 36. Bxf7+ Rxf7 37. Qxf7+ Kh8 38. Nf5 Rb7 39. Qxg7# {Black
checkmated} 1-0

[Event "Team 45 45 League T63"]
[Site "Internet Chess Club"]
[Date "2014.12.14"]
[Round "3"]
[White "MasterD"]
[Black "rkaebi"]
[Result "1-0"]
[WhiteElo "1508"]
[BlackElo "1411"]
[Opening "Caro-Kann: classical, 6.h4"]
[ECO "B18"]
[Time "13:00:40"]
[TimeControl "2700+45"]

1. e4 c6 2. d4 d5 3. Nc3 dxe4 4. Nxe4 Bf5 5. Ng3 Bg6 6. h4 h6 7. h5 Bh7 8. Nf3
Nd7 9. Bd3 Bxd3 10. Qxd3 Qb6 11. O-O Ngf6 12. b3 e6 13. Bb2 Bd6 14. Ne4 Nxe4 15.
Qxe4 Nf6 16. Qh4 Be7 17. Qh3 Qb5 18. Ne5 Bd6 19. f4 Bxe5 20. fxe5 Nh7 21. Qf3
O-O 22. Rae1 Ng5 23. Qg4 a5 24. Bc1 a4 25. Bxg5 hxg5 26. Qxg5 axb3 27. h6 g6 28.
Qf6 Qxf1+ 29. Rxf1 bxc2 30. Qg7# {Black checkmated} 1-0

[Event "Team 45 45 League T63"]
[Site "Internet Chess Club"]
[Date "2014.12.12"]
[Round "3"]
[White "guyd52"]
[Black "Legomaster"]
[Result "0-1"]
[WhiteElo "1321"]
[BlackElo "1202"]
[Opening "Réti: King's Indian attack (Barcza system)"]
[ECO "A07"]
[Time "19:30:18"]
[TimeControl "2700+45"]

1. Nf3 d5 2. g3 Nf6 3. Bg2 Nc6 4. d3 g6 5. Nbd2 Bg7 6. O-O O-O 7. c3 e5 8. Qc2
Be6 9. Ng5 Bd7 10. e4 d4 11. Ngf3 Be6 12. b4 b5 13. Nb3 Nd7 14. Bb2 Bxb3 15.
Qxb3 Nb6 16. Ng5 Qxg5 17. Bc1 Qe7 18. h4 dxc3 19. a3 Na4 20. Be3 Nd4 21. Kh2
Nxb3 22. Rab1 Nd2 23. Bxd2 cxd2 24. Rfd1 Nc3 25. Bf3 Qf6 26. Kg2 Bh6 27. Rb3
Nxd1 28. Bxd1 Rfd8 29. Be2 Rd4 30. Rc3 Rad8 31. Rxc7 Rxd3 32. Bxd3 Rxd3 33. Rxa7
d1=Q 34. a4 Qff3+ 35. Kh3 Qdh1# {White checkmated} 0-1

[Event "Team 45 45 League T63"]
[Site "Internet Chess Club"]
[Date "2014.12.13"]
[Round "3"]
[White "Chaitanyaann"]
[Black "bmw2002"]
[Result "1/2-1/2"]
[WhiteElo "1460"]
[BlackElo "1531"]
[Opening "Caro-Kann: advance variation"]
[ECO "B12"]
[Time "21:03:31"]
[TimeControl "2700+45"]

1. e4 c6 2. d4 d5 3. e5 Bf5 4. Nc3 e6 5. Nf3 c5 6. Bd3 Bxd3 7. Qxd3 Nc6 8. a3
cxd4 9. Nxd4 Bc5 10. Nf3 Nge7 11. b4 Bb6 12. O-O O-O 13. Ng5 Ng6 14. Bf4 h6 15.
Nh3 Nxf4 16. Nxf4 Nxe5 17. Qg3 Ng6 18. Rfe1 Qf6 19. Nxg6 fxg6 20. Re2 Bd4 21.
Rae1 Rac8 22. Nb5 Bb6 23. a4 a6 24. a5 axb5 25. axb6 Rc6 26. Qe3 Re8 27. Rd1 Rd6
28. Qc5 e5 29. Rxd5 Rxd5 30. Qxd5+ Kh7 31. Qxb7 e4 32. h3 Qa1+ 33. Kh2 Qe5+ 34.
g3 Rb8 35. Qa7 Rf8 36. b7 h5 37. Qa8 Rb8 38. c3 h4 39. Re3 hxg3+ 40. fxg3 Qd6
41. Re2 e3 42. h4 g5 43. h5 g4 44. Qa7 Qe5 45. Qxe3 Qxh5+ 46. Kg2 Qd5+ 47. Qe4+
Qxe4+ 48. Rxe4 Rxb7 49. Rxg4 Rc7 50. Rg5 Rxc3 51. Rxb5 Rb3 52. Kh3 Kg6 53. Kg4
Kf6 54. Rf5+ Kg6 55. b5 Rb4+ 56. Rf4 Rxb5 {Game drawn by mutual agreement}
1/2-1/2

[Event "Team 45 45 League T63"]
[Site "Internet Chess Club"]
[Date "2014.12.11"]
[Round "3"]
[White "Zyme"]
[Black "Elton2013"]
[Result "0-1"]
[WhiteElo "1338"]
[BlackElo "1548"]
[Opening "Benoni defense"]
[ECO "A60"]
[Time "19:31:57"]
[TimeControl "2700+45"]

1. d4 Nf6 2. c4 c5 3. d5 e6 4. dxe6 fxe6 5. Nf3 Be7 6. Nc3 O-O 7. b3 Nc6 8. e3
d5 9. cxd5 exd5 10. Bb2 Bf5 11. Bd3 Bxd3 12. Qxd3 d4 13. Qc4+ Kh8 14. Rd1 Qb6
15. exd4 cxd4 16. Nxd4 Bc5 17. Na4 Qb4+ 18. Qxb4 Bxb4+ 19. Kf1 Rad8 20. g3 b5
21. Kg2 Nxd4 22. Bxd4 bxa4 23. Bxf6 Rxd1 24. Bxg7+ Kxg7 25. Rxd1 axb3 26. axb3
a5 27. Rd7+ Rf7 28. Rxf7+ Kxf7 29. Kf3 Kf6 30. Kf4 h5 31. h4 Be1 32. f3 Bf2 33.
g4 Bxh4 34. gxh5 Bg5+ 35. Ke4 Bh6 36. f4 Ke6 37. f5+ Kf6 38. Kd5 Kxf5 39. Kc4
Bd2 40. Kd3 Bb4 41. Kc4 Kg5 42. Kb5 Kxh5 43. Kc4 Kg4 44. Kd3 Kf3 45. Kc4 Ke4 46.
Kb5 Kd5 47. Ka4 Kd4 48. Kb5 Kc3 49. Ka4 Kb2 50. Kb5 Kxb3 51. Ka6 a4 52. Kb5 a3
{White resigns} 0-1

[Event "Team 45 45 League T63"]
[Site "Internet Chess Club"]
[Date "2014.12.14"]
[Round "3"]
[White "Uku"]
[Black "chuckh2"]
[Result "1/2-1/2"]
[WhiteElo "1347"]
[BlackElo "1425"]
[Opening "French: Rubinstein variation"]
[ECO "C10"]
[Time "10:00:31"]
[TimeControl "2700+45"]

1. e4 e6 2. d4 d5 3. Nc3 dxe4 4. Nxe4 Nd7 5. Nf3 Ngf6 6. Nxf6+ Nxf6 7. Bg5 Be7
8. Bd3 h6 9. Bf4 O-O 10. O-O c5 11. c3 Qb6 12. Rb1 Bd7 13. Ne5 Bb5 14. Bxb5 Qxb5
15. Qd3 Qxd3 16. Nxd3 cxd4 17. cxd4 Nd5 18. Be3 Rac8 19. Rfc1 a6 20. Nc5 Rc7 21.
Rc2 Rfc8 22. Rbc1 b6 23. a3 bxc5 24. dxc5 Nxe3 25. fxe3 Rxc5 26. Rxc5 Rxc5 27.
a4 Rxc1+ 28. Kf2 Rc2+ 29. Kf3 Rxb2 30. a5 Rb3 31. h4 Bc5 32. g4 Rxe3+ 33. Kg2
Rc3 34. g5 h5 35. g6 f5 36. Kh1 Rc2 {White stalemated} 1/2-1/2

[Event "Team 45 45 League T63"]
[Site "Internet Chess Club"]
[Date "2014.12.14"]
[Round "3"]
[White "artspir"]
[Black "mindstorm"]
[Result "0-1"]
[WhiteElo "1197"]
[BlackElo "1489"]
[Opening "King's Indian: London system"]
[ECO "A48"]
[Time "10:00:51"]
[TimeControl "2700+45"]

1. d4 Nf6 2. Nf3 g6 3. Bf4 Bg7 4. Nbd2 d5 5. e3 O-O 6. Bd3 Nbd7 7. O-O c5 8. c4
cxd4 9. exd4 dxc4 10. Nxc4 Nh5 11. Bd2 Nb6 12. b3 Nxc4 13. bxc4 Bg4 14. Be2 Bxf3
15. Bxf3 Bxd4 16. Bxb7 Bxa1 17. Bxa8 Bg7 18. Bf3 Nf6 19. Re1 e6 20. Qc2 Qc7 21.
Be3 Rc8 22. c5 Nd5 23. Bxd5 exd5 24. Rd1 d4 25. Bd2 Qxc5 26. Qa4 Qc2 27. Qxc2
Rxc2 28. g3 Rxa2 29. Kg2 d3 30. Be1 Ra3 31. Rb1 Bh6 32. f4 Ra2+ 33. Kf3 d2 34.
Bf2 a5 35. Bd4 Bf8 36. Rd1 Bb4 37. Be3 a4 38. Rb1 a3 39. Bd4 Rc2 40. Ke3 Bf8 41.
Rd1 Bg7 42. Kd3 Rc8 43. Bxg7 Kxg7 44. Ke2 a2 45. Ra1 Rc1 {White resigns} 0-1

[Event "Team 45 45 League T63"]
[Site "Internet Chess Club"]
[Date "2014.12.14"]
[Round "3"]
[White "xt"]
[Black "ticopatzer"]
[Result "0-1"]
[WhiteElo "1582"]
[BlackElo "1729"]
[Opening "Robatsch (modern) defense"]
[ECO "B07"]
[Time "12:45:32"]
[TimeControl "2700+45"]

1. e4 d6 2. d4 g6 3. Nc3 Bg7 4. h3 Nc6 5. Nf3 a6 6. a4 e5 7. Be3 exd4 8. Nxd4
Nxd4 9. Bxd4 Nf6 10. Be2 O-O 11. O-O Re8 12. f3 Be6 13. f4 c5 14. Be3 Qb6 15.
Qc1 Bd7 16. Bf3 Bc6 17. a5 Qc7 18. Nd5 Nxd5 19. exd5 Rxe3 20. dxc6 bxc6 21. c3
Rae8 22. Qd2 d5 23. Rae1 Rxe1 24. Rxe1 Rxe1+ 25. Qxe1 Qxf4 26. Qe8+ Bf8 27. Qxc6
Qe3+ 28. Kh1 Qc1+ 29. Kh2 Qxb2 30. Qxa6 Qxc3 31. Qb6 Qe5+ 32. Kg1 Bd6 33. Kf1
Qa1+ 34. Ke2 Qa2+ 35. Kf1 Bg3 36. Qxc5 Qd2 37. Qc8+ Kg7 38. Qe8 Qf2# {White
checkmated} 0-1

[Event "Team 45 45 League T63"]
[Site "Internet Chess Club"]
[Date "2014.12.12"]
[Round "3"]
[White "rayonline53"]
[Black "SugarIslander"]
[Result "1/2-1/2"]
[WhiteElo "1540"]
[BlackElo "1630"]
[Opening "KGA: Fischer defense"]
[ECO "C34"]
[Time "18:01:28"]
[TimeControl "2700+45"]

1. e4 e5 2. f4 exf4 3. Nf3 d6 4. Bc4 Be6 5. Qe2 Bxc4 6. Qxc4 Nc6 7. d4 g5 8. h4
f6 9. Nc3 Qd7 10. hxg5 Qg4 11. gxf6 Nxf6 12. Kf1 Rg8 13. Qe2 O-O-O 14. Rh4 Qg6
15. Bxf4 Nh5 16. Bh2 Be7 17. Rh3 Rdf8 18. Kg1 Nf4 19. Bxf4 Rxf4 20. Rf1 Rg4 21.
Rh2 Bf6 22. Rd1 h5 23. a3 h4 24. Rd2 Bg5 25. Nxg5 Qxg5 26. Nd1 Rg3 27. c3 h3 28.
Qf2 Qh4 29. Ne3 Qxe4 30. Qf5+ Qxf5 31. Nxf5 Rxg2+ 32. Rdxg2 Rxg2+ 33. Rxg2 hxg2
34. Kxg2 {Game drawn by mutual agreement} 1/2-1/2

[Event "Team 45 45 League T63"]
[Site "Internet Chess Club"]
[Date "2014.12.14"]
[Round "3"]
[White "mongmong"]
[Black "rayfincle"]
[Result "0-1"]
[WhiteElo "1580"]
[BlackElo "1520"]
[Opening "Colle system"]
[ECO "D05"]
[Time "16:08:15"]
[TimeControl "2700+45"]

1. d4 Nf6 2. Nf3 d5 3. e3 e6 4. Bd3 c5 5. c3 Nc6 6. Nbd2 Bd6 7. Qe2 O-O 8. dxc5
Bxc5 9. e4 dxe4 10. Nxe4 Nxe4 11. Bxe4 Qb6 12. O-O Ne7 13. Bf4 Ng6 14. Bxg6 hxg6
15. Rfd1 Re8 16. Ne5 a5 17. Bg3 Qa6 18. Qf3 Rf8 19. Nd7 Bxd7 20. Rxd7 b5 21.
Rad1 Ra7 22. Be5 Rxd7 23. Rxd7 f6 24. Bf4 g5 25. Be3 Bxe3 26. Qxe3 b4 27. h3
bxc3 28. Qxc3 Rc8 29. Qe3 e5 30. Qd2 Qb5 31. b3 Qc6 32. Qd5+ Qxd5 33. Rxd5 Rc1+
34. Kh2 Rc2 35. Rxa5 Rxf2 36. b4 e4 37. Kg3 e3 38. Ra3 Rb2 39. Ra8+ Kh7 40. a3
f5 41. Kf3 f4 42. Re8 Rf2+ 43. Ke4 Rxg2 44. b5 Rb2 45. a4 Rb4+ 46. Kf5 f3 47.
Rxe3 Rf4+ 48. Kxg5 f2 49. Kxf4 f1=Q+ 50. Ke5 Qa1+ 51. Kf4 Qxa4+ {White resigns}
0-1

[Event "Team 45 45 League T63"]
[Site "Internet Chess Club"]
[Date "2014.12.14"]
[Round "3"]
[White "evan7284"]
[Black "craftsman49868"]
[Result "1/2-1/2"]
[WhiteElo "1667"]
[BlackElo "1618"]
[Opening "Modern defense"]
[ECO "A40"]
[Time "13:02:00"]
[TimeControl "2700+45"]

1. d4 g6 2. Nf3 Bg7 3. Bg5 f5 4. e3 Nh6 5. Bd3 Nf7 6. Nbd2 d6 7. Bh4 Nd7 8. c3
Nf6 9. Qc2 d5 10. O-O-O Bd7 11. Rde1 Ne4 12. Nb3 b6 13. Nfd2 Nfd6 14. f3 Nxd2
15. Nxd2 Bf6 16. Bxf6 exf6 17. e4 dxe4 18. fxe4 O-O 19. e5 fxe5 20. dxe5 Ne4 21.
Nxe4 fxe4 22. Bxe4 Qg5+ 23. Kb1 Rae8 24. Bd5+ Kg7 25. Qe2 c6 26. Bb3 Be6 27. h4
Qe7 28. Bxe6 Qxe6 29. Rhf1 Rxf1 30. Qxf1 Rf8 31. Qe2 Qf5+ 32. Ka1 Qe6 33. Qd1
Re8 34. b3 Qd5 35. Qe2 Re6 36. Qe4 Qd2 37. Qe3 Qxg2 38. Rd1 Re7 39. e6 Qg4 40.
Qe5+ Kh6 41. Qe3+ Kg7 42. Qe5+ Kh6 43. Qe3+ Kg7 44. Qe5+ Kh6 {Game drawn by
repetition} 1/2-1/2

[Event "Team 45 45 League T63"]
[Site "Internet Chess Club"]
[Date "2014.12.11"]
[Round "3"]
[White "sockbuf"]
[Black "RightHandRook"]
[Result "1-0"]
[WhiteElo "1727"]
[BlackElo "1728"]
[Opening "Caro-Kann: Tartakower (fantasy) variation"]
[ECO "B12"]
[Time "17:00:39"]
[TimeControl "2700+45"]

1. e4 c6 2. d4 d5 3. f3 dxe4 4. fxe4 e5 5. Nf3 exd4 6. Bc4 Bb4+ 7. c3 dxc3 8.
Bxf7+ Ke7 9. Qxd8+ Kxd8 10. Nxc3 Nf6 11. Bd2 Rf8 12. Bb3 Bg4 13. O-O-O Kc8 14.
h3 Bh5 15. Rhe1 Nbd7 16. e5 Nd5 17. Nxd5 Bxd2+ 18. Rxd2 cxd5 19. Rc2+ Kb8 20.
Bxd5 a6 21. e6 Nf6 22. e7 Rc8 23. Rxc8+ Kxc8 24. Be6+ Kc7 25. g4 Be8 26. Rd1 h6
27. Ne5 b6 28. b3 b5 29. Kb2 Kb6 30. Rd8 Ra7 31. Nd7+ Bxd7 32. Bxd7 Kc7 33. Bf5
a5 34. e8=Q Nxe8 35. Rxe8 Kd6 36. Kc3 Kd5 37. Kd3 Kc5 38. h4 Kb4 39. h5 Ka3 40.
Re2 a4 41. bxa4 Kxa4 42. Kd4 b4 43. Bc2+ Ka3 44. Bb3 Rc7 45. Rc2 Re7 46. Rc6 Kb2
47. Rb6 Ka3 48. Ra6+ Kb2 49. Ra4 Rd7+ 50. Bd5 {Black resigns} 1-0

[Event "Team 45 45 League T63"]
[Site "Internet Chess Club"]
[Date "2014.12.15"]
[Round "3"]
[White "Chesscat9"]
[Black "bayoumicardio10"]
[Result "1-0"]
[WhiteElo "1682"]
[BlackElo "1652"]
[Opening "Pirc: Austrian attack, dragon formation"]
[ECO "B09"]
[Time "18:23:02"]
[TimeControl "2700+45"]

1. e4 d6 2. d4 Nf6 3. Nc3 g6 4. f4 Bg7 5. Nf3 c5 6. dxc5 Qa5 7. Qd4 O-O 8. cxd6
Nxe4 9. Qxe4 Bxc3+ 10. bxc3 Qxc3+ 11. Kf2 Qxa1 12. dxe7 Re8 13. Bc4 Qf6 14. Ba3
Nc6 15. Ng5 Bf5 16. Qd5 Be6 17. Nxe6 fxe6 18. Qxe6+ Qxe6 19. Bxe6+ Kg7 20. Bb2+
Kh6 21. Re1 Rxe7 22. Re3 g5 23. f5 g4 24. Bf6 Rc7 25. Kg3 Rf8 26. Bb2 Re7 27.
Kxg4 Rg8+ 28. Kf4 Rg5 29. g4 Nd8 30. h4 Nxe6+ 31. Rxe6+ Rxe6 32. hxg5# {Black
checkmated} 1-0

[Event "Team 45 45 League T63"]
[Site "Internet Chess Club"]
[Date "2014.12.13"]
[Round "3"]
[White "kutch"]
[Black "MetaGod"]
[Result "0-1"]
[WhiteElo "1439"]
[BlackElo "1633"]
[Opening "QGD: 4.Bg5 Nbd7"]
[ECO "D51"]
[Time "13:00:33"]
[TimeControl "2700+45"]

1. d4 d5 2. c4 e6 3. Nc3 Nf6 4. Bg5 Nbd7 5. cxd5 exd5 6. Nxd5 Nxd5 7. Bxd8 Bb4+
8. Qd2 Kxd8 9. Qxb4 Nxb4 10. Kd2 Nf6 11. f3 Be6 12. a3 Nc6 13. e3 Ke7 14. Bd3
Rhd8 15. Ne2 Rac8 16. Rac1 Na5 17. Rc3 Nd5 18. Bc4 Nxc3 19. Bxe6 fxe6 20. Kxc3
c5 21. dxc5 Rxc5+ 22. Kb4 b6 23. Nd4 a6 24. b3 Rxd4+ 25. exd4 Nc6+ 26. Ka4 Ra5#
{White checkmated} 0-1

[Event "Team 45 45 League T63"]
[Site "Internet Chess Club"]
[Date "2014.12.16"]
[Round "3"]
[White "jcule"]
[Black "TwinsburgOHUSA"]
[Result "1/2-1/2"]
[WhiteElo "1449"]
[BlackElo "1485"]
[Opening "QGD: Albin counter-gambit"]
[ECO "D08"]
[Time "18:00:17"]
[TimeControl "2700+45"]

1. d4 d5 2. c4 e5 3. Nc3 Bb4 4. e3 Nc6 5. a3 Bxc3+ 6. bxc3 Nge7 7. Qc2 Bf5 8.
Qb2 Rb8 9. Nf3 Ng6 10. Qb5 Be6 11. cxd5 a6 12. Qd3 Bxd5 13. e4 Bb3 14. d5 Nce7
15. Bb2 f6 16. c4 Ba4 17. g3 c5 18. Bh3 Bd7 19. Bg2 b5 20. Nd2 O-O 21. O-O a5
22. Rfc1 Qb6 23. Rab1 Qa6 24. cxb5 Bxb5 25. Qc3 Rfd8 26. Qxc5 Rdc8 27. Qe3 Rxc1+
28. Bxc1 Rd8 29. Bf1 Bxf1 30. Nxf1 Nf8 31. Qb6 Qa8 32. Bd2 a4 33. Qb7 Kf7 34.
Qxa8 Rxa8 35. Bb4 Rc8 36. Bxe7 Kxe7 37. Rb4 Ra8 38. Nd2 Nd7 39. Nb1 h5 40. h4 g5
41. Kg2 Kd6 42. Kf3 Rc8 43. Rxa4 Rc1 44. Nd2 Rc3+ 45. Kg2 Nc5 46. Ra8 Rc2 {Game
drawn by mutual agreement} 1/2-1/2

[Event "Team 45 45 League T63"]
[Site "Internet Chess Club"]
[Date "2014.12.13"]
[Round "3"]
[White "JustinL"]
[Black "calsal"]
[Result "1/2-1/2"]
[WhiteElo "1996"]
[BlackElo "1784"]
[Opening "King's Indian: Torre attack"]
[ECO "A48"]
[Time "13:30:26"]
[TimeControl "2700+45"]

1. d4 Nf6 2. Nf3 g6 3. Bg5 Bg7 4. Bxf6 Bxf6 5. e4 d6 6. Nbd2 O-O 7. Bd3 c5 8. e5
dxe5 9. dxe5 Bg7 10. O-O Nc6 11. Re1 Qc7 12. Qe2 Bg4 13. Qe4 Bf5 14. Qe3 Bxd3
15. cxd3 b6 16. Rac1 Qd7 17. a3 Rad8 18. Rc3 Nd4 19. Rd1 Qa4 20. Rdc1 Rd7 21.
Rc4 Qb5 22. b3 Rfd8 23. a4 Qa5 24. Rd1 Qa6 25. Nxd4 Rxd4 26. Rxd4 Rxd4 27. Nc4
Qb7 28. g3 Qd7 29. f4 Bh6 30. Qf3 Qd5 31. Qxd5 Rxd5 32. Kf2 g5 33. Ke3 gxf4+ 34.
gxf4 Rd4 35. Rf1 Kg7 36. Rg1+ Kf8 37. Rg4 Bg7 38. b4 f6 39. Rg1 fxe5 40. fxe5
Rh4 41. bxc5 bxc5 42. Rg2 Bh6+ 43. Kf3 Kf7 44. Kg3 Rd4 45. Rf2+ Ke6 46. Rf3 Bg7
47. Kf2 Rh4 {Game drawn by mutual agreement} 1/2-1/2